 Dungeon Crawl Stone Soup version 0.31.0-12-g77e489cdc1 (webtiles) character file.

Game seed: 11704822449638215773

8687 Cheops the Grappler (level 11, -4/71 HPs)
             Began as an Octopode Shapeshifter on Feb 29, 2024.
             Was a High Priest of Okawaru.
             Slain by a red ugly thing (9 damage)
             ... on level 10 of the Dungeon.
             The game lasted 00:28:02 (13278 turns).

Cheops the Grappler (Octopode Shapeshifter)        Turns: 13278, Time: 00:28:03

Health: -4/71      AC:  5    Str: 22    XL:     11   Next: 34%
Magic:  23/23      EV: 16    Int: 13    God:    Okawaru [*****.]
Gold:   1031       SH:  0    Dex: 11    Spells: 10/10 levels left

rFire   . .          .
                       - Unarmed
rCold   + . .        (shield currently unavailable)
rNeg    . . .        (helmet restricted)
rPois   .            (no amulet)
rElec   .            r - ring of magical power
rCorr   .            w - +5 ring of evasion
SInv    +            y - +6 ring of strength
Will    .....        x - ring "Sareon" {rC+ SInv}
Stlth   +            (no ring)
HPRegen 0.31/turn    (no ring)
MPRegen 0.18/turn    (no ring)
                     (no ring)

%: no passive effects
@: flux-form, petrifying, on berserk cooldown, slowed, glowing, very slow
A: glow, contaminating, almost no armour, amphibious, 8 rings, camouflage 1,
gelatinous body 1, (nimble swimmer 1), tentacles, iridescent scales 2, weak 1
a: Begin Untransformation, Renounce Religion, Heroism, Finesse, Duel


You were on level 10 of the Dungeon.
You worshipped Okawaru.
Okawaru was extremely pleased with you.
You were something dangerously unstable.
You visited 2 branches of the dungeon, and saw 11 of its levels.

You collected 1031 gold pieces.

Inventory:

Armour
 D - the +2 shield of Resistance {rF++ rC++ Will++}
   (You found it on level 10 of the Dungeon)

   rF++:      It greatly protects you from fire.
   rC++:      It greatly protects you from cold.
   Will++:    It greatly increases your willpower.
Jewellery
 r - a ring of magical power (left tentacle)
 w - a +5 ring of evasion (right tentacle)
 x - the ring "Sareon" (on tentacle) {rC+ SInv}
   (You found it on level 9 of the Dungeon)

   [ring of see invisible]

   rC+:       It protects you from cold.
   SInv:      It lets you see invisible.
 y - a +6 ring of strength (on tentacle)
 C - a ring of ice
Talismans
 b - a beast talisman
 c - a flux talisman (active)
Wands
 t - a wand of flame (42)
 v - a wand of charming (18)
 E - a wand of polymorph (6)
Scrolls
 d - a scroll of vulnerability
 f - 4 scrolls of noise
 g - 3 scrolls of poison
 h - 3 scrolls of enchant armour
 i - 3 scrolls of silence
 k - 2 scrolls of revelation
 m - 2 scrolls of enchant weapon
 n - 2 scrolls of amnesia
 p - 2 scrolls of torment
 A - a scroll of fog
 Z - a scroll of acquirement
Potions
 a - 5 potions of lignification
 l - a potion of attraction
 o - a potion of heal wounds
 s - 3 potions of enlightenment {unknown}
 z - a potion of haste {unknown}
 B - a potion of degeneration
Miscellaneous
 e - a condenser vane


   Skills:
 - Level 5.0 Fighting
 - Level 2.0 Dodging
 - Level 6.7 Shields
 + Level 10.6 Unarmed Combat
 - Level 4.0 Invocations
 - Level 3.0 Evocations
 - Level 10.0 Shapeshifting


You had 10 spell levels left.
You didn't know any spells.
Your spell library contained the following spells:

 Spells                   Type           Power      Damage    Failure   Level
 Apportation              Tloc           0%         N/A       30%         1
 Magic Dart               Conj           0%         1d3       30%         1
 Necrotise                Necr           0%         1d4       30%         1
 Sting                    Conj/Alch      0%         1d3       30%         1
 Searing Ray              Conj           0%         2d4       43%         2
 Sublimation of Blood     Necr           0%         N/A       43%         2
 Dazzling Flash           Conj/Hex       0%         N/A       67%         3
 Gell's Gravitas          Tloc           0%         N/A       67%         3
 Inner Flame              Hex/Fire       0%         N/A       67%         3
 Mephitic Cloud           Conj/Alch/Air  0%         N/A       67%         3
 Teleport Other           Tloc           0%         N/A       67%         3
 Flame Wave               Conj/Fire      0%         2d4       97%         4
 Fulminant Prism          Conj/Alch      0%         3d5       97%         4
 Sticky Flame             Fire/Alch      0%         2d4       97%         4
 Curse of Agony           Necr           0%         N/A       100%        5
 Lee's Rapid Deconstruct  Erth           0%         3d4*      100%        5
 Silence                  Hex/Air        0%         N/A       100%        5
 Dispersal                Tloc           0%         N/A       100%        6
 Orb of Destruction       Conj           0%         9d5       100%        7
 Summon Small Mammal      Summ           Unusable   N/A       N/A         1
 Call Imp                 Summ           Unusable   N/A       N/A         2
 Animate Armour           Summ/Erth      Unusable   N/A       N/A         4
 Summon Blazeheart Golem  Fire/Summ      Unusable   N/A       N/A         4
 Summon Lightning Spire   Summ/Air       Unusable   N/A       N/A         4
 Spellforged Servitor     Conj/Summ      Unusable   N/A       N/A         7
 Summon Hydra             Summ           Unusable   N/A       N/A         7

Dungeon Overview and Level Annotations

Branches:
Dungeon (10/15)            Temple (1/1) D:4            Lair (0/5) D:9
    Orc: D:9-12

Altars:
Ashenzari
Cheibriados
Dithmenos
Elyvilon
Fedhas
Gozag
Hepliaklqana
Kikubaaqudgha
Nemelex Xobeh
Okawaru
Qazlal
Ru
Sif Muna
Trog
Uskayaw
Vehumet
Wu Jian
Xom
Yredelemnul
Zin
The Shining One

Portals:
Trove: D:10 (give +6 demon trident)


Innate Abilities, Weirdness & Mutations

You are something dangerously unstable.
You glow with magical radiation, making you easy to see and hit.
Foes you strike become dangerously contaminated with magical radiation.
You are incapable of wielding weapons or throwing items.
You cannot wear most types of armour.
You are amphibious.
You can wear up to eight rings at the same time.
Your skin changes colour to match your surroundings (Stealth+).
Your rubbery body absorbs attacks. (AC +1, EV +1)
((You are camouflaged when in or above water. (Stealth+)))
You have tentacles for arms and can constrict up to eight enemies at once.
You are mostly covered in iridescent scales. (AC +4)
You are weak. (Str -2)


Message History

The catoblepas breathes a plume of calcifying dust at you.
The blast of calcifying dust hits you.
You are engulfed in calcifying dust.
The catoblepas gores you!
* * * LOW HITPOINT WARNING * * *
You are engulfed in calcifying dust.
The catoblepas gores you!
* * * LOW HITPOINT WARNING * * *
You are engulfed in calcifying dust.
You are no longer berserk.
You feel yourself slow down. The catoblepas gores you!!
* * * LOW HITPOINT WARNING * * *
You turn to flesh and can move again.
Unknown command.
Unknown command.
Unknown command.
Unknown command.
Unknown command.
Unknown command.
Unknown command.
Unknown command.
You bludgeon the catoblepas!
The catoblepas glows dangerously bright.
The catoblepas is almost dead.
You are engulfed in calcifying dust.
You are slowing down.
The catoblepas closely misses you.
Unknown command.
Unknown command.
Unknown command.
You bludgeon the catoblepas!
You kill the catoblepas!
Okawaru is honoured by your kill. Okawaru grants you throwing weapons!
Something appears before you!
You are engulfed in calcifying dust.
The red ugly thing gores you!
* * * LOW HITPOINT WARNING * * *
You are engulfed in flames!!
* * * LOW HITPOINT WARNING * * *
The red ugly thing gores you!
You die...

.Y.....#......# #.'.........
.....#......# #.#.........
...#......#######†#.........
#######'#......Y.Y.....#........)
.......................#........)
.......................#......###
......................##......'..
#########...#########.#.......#..
# #...##§.pu..#.#.......#.. #
#..#..#..##..#.#.......#+# #
#..#..##..# .#.#.......... #
..###..#..## #.#.......... # #.#
##..# #.########### # ##.##
#..###............ # #...#
##..##............ #
##...##..#..##..########## #
#..#..#..##..#..#.........


You could see a red ugly thing.

Vanquished Creatures
  A catoblepas (D:10)
  Lodul (D:10)
  A deep elf pyromancer (D:10)
  An elephant (D:9)
  Joseph (D:10)
  Maggie (D:10)
  An efreet (D:10)
  A komodo dragon (D:9)
  A troll (D:10)
  Grinder (D:5)
  A shadow (D:8)
  Sigmund (D:3)
  3 yaks (D:10)
  Grum (D:10)
  A wyvern (D:9)
  A basilisk (D:10)
  A steam dragon (D:6)
  An acid dragon (D:10)
  Duvessa (D:5)
  2 black bears
  3 ice beasts
  3 orc warriors
  2 sky beasts
  9 ogres
  2 wolves (D:10)
  2 kobold brigands
  A phantom (D:4)
  2 scorpions
  4 bullfrogs
  5 wights (D:6)
  Dowan (D:5)
  16 killer bees
  3 howler monkeys
  2 bombardier beetles
  A gnoll bouda (D:8)
  2 hounds
  2 jellies
  6 orc priests
  2 sleepcaps
  5 iguanas
  10 orc wizards
  Robin (D:3)
  3 gnolls (D:8)
  11 adders
  2 shadow imps
  3 dart slugs
  A ribbon worm (D:2)
  20 orcs
  10 endoplasms
  A giant cockroach (D:4)
  12 hobgoblins
  6 jackals
  14 kobolds
  6 quokkas
  5 ball pythons
  3 bats
  7 frilled lizards
  12 goblins
  6 rats
229 creatures vanquished.

Vanquished Creatures (others)
  A centaur simulacrum (D:10)
  A hobgoblin (D:1)
2 creatures vanquished.

Grand Total: 231 creatures vanquished

Notes
Turn   | Place    | Note
-------+----------+-------------------------------------------
     0 | D:1      | Cheops the Octopode Shapeshifter began the quest for the
                  | Orb.
     0 | D:1      | Reached XP level 1. HP: 13/13 MP: 1/1
   293 | D:1      | Reached XP level 2. HP: 18/18 MP: 2/2
   630 | D:1      | Reached XP level 3. HP: 23/23 MP: 3/3
  1237 | D:2      | Reached XP level 4. HP: 28/28 MP: 4/4
  1767 | D:3      | Noticed Robin
  1982 | D:3      | Killed Robin
  1983 | D:3      | Reached skill level 5 in Unarmed Combat
  2195 | D:3      | Reached XP level 5. HP: 13/33 MP: 5/5
  2528 | D:3      | Found an opulent altar of Gozag.
  2568 | D:3      | You fall into a shaft and drop 2 floors!
  2568 | D:5      | Entered Level 5 of the Dungeon
  2729 | D:5      | Noticed Grinder
  2735 | D:5      | Paralysed by Grinder for 5 turns
  2831 | D:5      | Reached XP level 6. HP: 38/38 MP: 6/6
  2838 | D:4      | Found a broken altar of Ashenzari.
  2867 | D:4      | Reached skill level 5 in Shapeshifting
  2877 | D:4      | Gained mutation: You are partially covered in iridescent
                  | scales. (AC +2) [potion of mutation]
  2877 | D:4      | Gained mutation: You are weak. (Str -2) [potion of
                  | mutation]
  2877 | D:4      | Gained mutation: You are mostly covered in iridescent
                  | scales. (AC +4) [potion of mutation]
  3264 | D:3      | Noticed Sigmund
  3269 | D:3      | Killed Sigmund
  3270 | D:3      | Reached XP level 7. HP: 35/43 MP: 7/7
  3368 | D:3      | Identified the +2 helmet of Gozag's Generosity {rPois rN+
                  | Dex+4 Stlth-}
  3774 | D:4      | Found a staircase to the Ecumenical Temple.
  3827 | D:4      | Reached skill level 1 in Evocations
  3916 | Temple   | Entered the Ecumenical Temple
  3929 | Temple   | Became a worshipper of Warmaster Okawaru
  5826 | D:3      | Found an opulent altar of Gozag.
  6021 | D:4      | Found a broken altar of Ashenzari.
  6069 | D:4      | Found a staircase to the Ecumenical Temple.
  6537 | D:5      | Reached XP level 8. HP: 5/43 MP: 8/8
  6724 | D:5      | Killed Grinder
  6863 | D:5      | Noticed Duvessa
  6863 | D:5      | Noticed Dowan
  6879 | D:5      | Killed Duvessa
  7115 | D:5      | Killed Dowan
  7414 | D:6      | Reached * piety under Okawaru
  7415 | D:6      | Reached XP level 9. HP: 50/53 MP: 12/12
  9036 | D:7      | Found a glowing silver altar of Zin.
  9049 | D:7      | Reached ** piety under Okawaru
  9469 | D:7      | Reached skill level 10 in Shapeshifting
 10230 | D:8      | Reached XP level 10. HP: 56/65 MP: 13/13
 10600 | D:8      | Reached skill level 5 in Fighting
 10894 | D:8      | Identified 2 scrolls of acquirement
 10896 | D:8      | Acquired a +6 ring of strength
 10942 | D:9      | Identified the ring "Sareon" {rC+ SInv}
 10991 | D:9      | Found a blossoming altar of Fedhas.
 11042 | D:9      | Found a stormy altar of Qazlal.
 11080 | D:9      | Found a hazy altar of Hepliaklqana.
 11362 | D:9      | Found a staircase to the Lair.
 11365 | D:9      | Noticed an elephant
 11439 | D:8      | Reached *** piety under Okawaru
 11484 | D:9      | Noticed an elephant
 11497 | D:9      | Killed an elephant
 11879 | D:10     | Entered Level 10 of the Dungeon
 11919 | D:10     | Noticed Maggie
 11928 | D:10     | Killed Maggie
 11992 | D:10     | Found the +2 shield of Resistance {rF++ rC++ Will++}
 12004 | D:10     | Noticed Joseph
 12012 | D:10     | Reached skill level 10 in Unarmed Combat
 12024 | D:10     | Killed Joseph
 12024 | D:10     | Reached **** piety under Okawaru
 12280 | D:10     | Reached skill level 1 in Shields
 12454 | D:10     | Noticed Grum
 12461 | D:10     | Killed Grum
 12462 | D:10     | Reached XP level 11. HP: 64/71 MP: 14/14
 12465 | D:10     | Found an ornate altar of the Wu Jian Council.
 12547 | D:10     | Noticed a deep elf pyromancer
 12547 | D:10     | Noticed an ogre mage
 12552 | D:10     | Killed a deep elf pyromancer
 12552 | D:10     | Noticed Lodul
 12554 | D:10     | Paralysed by an ogre mage for 5 turns
 12797 | D:10     | Reached skill level 5 in Shields
 12826 | D:10     | Killed Lodul
 12921 | D:10     | Found a portal to a secret trove of treasure.
 12992 | D:10     | Reached ***** piety under Okawaru
 13260 | D:10     | Noticed a red ugly thing
 13260 | D:10     | Noticed a catoblepas
 13278 | D:10     | Killed a catoblepas
 13278 | D:10     | Received a gift from Okawaru
 13278 | D:10     | Slain by a red ugly thing

Illustrated notes

Levels and vault maps discovered:
D:1:      sevenhm_arrival_forest_fort_small_6, layout_loops_corners,
          amethyst_killhole
D:2:      layout_loops_ring
D:3:      layout_rooms, grunt_gozag_breadcrumbs, serial_park_tiny_pond,
          st_stairs_6, minmay_statues_item, minmay_fractal_squares_5,
          uniq_sigmund, uniq_robin
D:4:      layout_cave_pools, mainiacjoe_overflow_boulevard,
          minmay_temple_entry_junction, minmay_curled_crystal,
          small_statue_intersection, chequers_serial_rivers_micro_e,
          dk_rats_in_the_wall
D:5:      layout_basic, uniq_grinder, uniq_duvessa
D:6:      layout_rooms, hex_tiny, mrwooster_statue_mirror
D:7:      layout_loops_cross, old_standard_altar, amcnicky_mini_corridor_feature
D:8:      layout_rooms
D:9:      layout_basic, grunt_temple_overflow_forces_of_nature, kennysheep_mini,
          grunt_lair_entry_orc_guard_hut, nicolae_elevator_lobby_asterisk
D:10:     minmay_tri_box, layout_irregular_city, mainiacjoe_overflow_swirl,
          nicolae_trove_entry_crossroad, minmay_lizard_king, uniq_joseph,
          uniq_maggie, uniq_grum, uniq_lodul
Temple:   zaba_magenta_temple

Skill      XL: |  1  2  3  4  5  6  7  8  9 10 11 |
---------------+----------------------------------+-----
Unarmed Combat | 4 5 7 10 | 10.6
Shapeshifting  | 4 6 7 10 | 10.0
Evocations     | 2 3 |  3.0
Invocations    | 4 |  4.0
Fighting       | 4 5 |  5.0
Shields        | 3 6 |  6.7
Dodging        | |  2.0

Action                     |  1- 3 |  4- 6 |  7- 9 | 10-12 || total
---------------------------+-------+-------+-------+-------++-------
  Melee: Unarmed           |    49 |   102 |   294 |   213 ||   658
         Constrict         |     9 |    20 |    72 |    34 ||   135
         Tentacles         |     5 |    22 |    79 |    72 ||   178
         Punch             |       |     1 |     1 |       ||     2
 Invoke: Heroism           |       |       |       |     2 ||     2
Ability: Begin Untransform |     1 |       |     6 |     2 ||     9
  Evoke: Wand              |       |       |     1 |    14 ||    15
    Use: Scroll            |       |     8 |     4 |     6 ||    18
         Potion            |       |     1 |     5 |     5 ||    11
   Stab: Sleeping          |    13 |     3 |     1 |       ||    17
 Armour: Skin              |    13 |    43 |   122 |   102 ||   280
  Dodge: Dodged            |    17 |    50 |   293 |   205 ||   565
   Form: Beast             |     1 |       |       |       ||     1
         Flux              |       |       |     7 |     2 ||     9
